 Dungeon Crawl Stone Soup version 0.18.1-8-gdd0e5ea (webtiles) character file.

107 cruasano the Ducker (level 4, -1/40 HPs)
             Began as a Draconian Berserker on June 2, 2016.
             Was a Believer of Trog.
             Slain by a gnoll
             ... wielding a cursed -1 halberd
              (8 damage)
             ... on level 3 of the Dungeon.
             The game lasted 00:08:01 (3270 turns).

cruasano the Ducker (Draconian Berserker)           Turns: 3270, Time: 00:08:02

Health: -1/40      AC:  6    Str: 20    XL:     4   Next: 57%
Magic:  4/4        EV: 13    Int:  7    God:    Trog [**....]
Gold:   143        SH:  0    Dex: 11    Spells: 0 memorised, 3 levels left

rFire  . . .     SeeInvis .     a - +0 spear
rCold  . . .     Gourm    .     (armour unavailable)
rNeg   . . .     Faith    .     (no shield)
rPois  .         Spirit   .     (helmet restricted)
rElec  .         Dismiss  .     (no cloak)
rCorr  .         Reflect  .     (no gloves)
SustAt .         Harm     .     f - +0 pair of boots
MR     .....                    (no amulet)
Stlth  +.........               (no ring)
                                (no ring)

@: not resistant to hostile enchantments, very unstealthy
A: unfitting armour, cold-blooded, AC +5
a: Berserk, Trog's Hand, Burn Spellbooks, Renounce Religion


You were on level 3 of the Dungeon.
You worshipped Trog.
Trog was pleased with you.
You were not hungry.

You visited 1 branch of the dungeon, and saw 3 of its levels.

You collected 143 gold pieces.

Inventory:

Hand Weapons
 a - a +0 spear (weapon)
Armour
 f - a +0 pair of boots (worn)
Scrolls
 b - 2 scrolls of blinking
 d - a scroll of remove curse
 e - a scroll of identify
 i - a scroll of recharging {unknown}
Potions
 c - 5 potions of curing
 g - a potion of haste
 j - a potion of heal wounds {unknown}
 k - a potion of lignification {unknown}
Comestibles
 h - 2 meat rations


   Skills:
 + Level 3.7 Fighting
 + Level 3.5 Polearms
 + Level 4.1 Dodging
 + Level 0.8 Stealth


You had 3 spell levels left.
You didn't know any spells.

Dungeon Overview and Level Annotations

Branches:
Dungeon (3/15)

Altars:
Gozag
Okawaru
Qazlal
Trog
The Shining One


Innate Abilities, Weirdness & Mutations

Your plain brown scales are hard (AC +5).
Your body does not fit into most forms of armour.
You are cold-blooded and may be slowed by cold attacks.


Message History

The gnoll completely misses you. The gnoll hits you.
You hit the gnoll. You tail-slap the gnoll.
The gnoll is severely wounded.
The gnoll barely misses you. The gnoll hits you with a club.
You barely miss the gnoll.
Your tail-slap misses the gnoll.
The gnoll is severely wounded.
The gnoll hits you. The gnoll hits you but does no damage.
You closely miss the gnoll.
The gnoll is severely wounded.
The gnoll hits you but does no damage. x3
You puncture the gnoll!
You kill the gnoll!
Trog accepts your kill. The gnoll hits you but does no damage.
The gnoll hits you from afar with an enchanted halberd!
* * * LOW HITPOINT WARNING * * *
The gnoll barely misses you.
You barely miss the gnoll.
The gnoll hits you from afar with an enchanted halberd!
You die...

## #.......# #.
#.......# #.
##.......# #.
........# ###.
#.......# ..[
#.g.....#
#.########†g..!..#
#..........@# ###
#..##########
....##..#
........#
.####...####### .#
##.........# .#
#....#####.#
.###...######.#
..##.#.##.....#


You could see 2 gnolls.

Vanquished Creatures
  A gnoll (D:3)
  4 adders
  An ooze (D:2)
  2 worms
  A dart slug (D:1)
  A giant gecko (D:1)
  7 giant cockroaches
  6 goblins
  4 hobgoblins
  9 kobolds
  5 bats
  6 giant newts
  9 rats
56 creatures vanquished.

Notes
Turn   | Place    | Note
--------------------------------------------------------------
     0 | D:1      | cruasano the Draconian Berserker began the quest for the Orb.
     0 | D:1      | Reached XP level 1. HP: 19/19 MP: 1/1
   306 | D:1      | Reached XP level 2. HP: 15/26 MP: 2/2
   470 | D:1      | Reached skill level 3 in Dodging
  1721 | D:2      | Reached XP level 3. HP: 20/31 MP: 3/3
  1870 | D:2      | Found an iron altar of Okawaru.
  2009 | D:2      | Reached ** piety under Trog
  2506 | D:2      | Reached XP level 4. HP: 38/39 MP: 4/4
  2704 | D:2      | Found a glowing golden altar of the Shining One.
  2874 | D:3      | Found an opulent altar of Gozag.
  2990 | D:3      | Found a bloodstained altar of Trog.
  3071 | D:3      | Found a bloodstained altar of Trog.
  3169 | D:3      | Reached skill level 4 in Dodging
  3183 | D:3      | Found a stormy altar of Qazlal.
  3270 | D:3      | Slain by a gnoll

Skill      XL: |  1  2  3  4 |
---------------+-------------+-----
Dodging        | 3 4 |  4.1
Fighting       | |  3.7
Polearms       | |  3.5
Stealth        | |  0.8

Action                   |  1- 3 |  4- 6 || total
-------------------------+-------+-------++-------
Melee: Spear             |   168 |    42 ||   210
       Tailslap          |    10 |     8 ||    18
  Use: Potion            |     1 |       ||     1
       Scroll            |     2 |     2 ||     4
  Eat: Chunk             |     1 |     1 ||     2
       Bread ration      |     1 |       ||     1
       Beef jerky        |       |     1 ||     1
Armor: Skin              |    59 |    18 ||    77
Dodge: Dodged            |   139 |    43 ||   182
